Map: New Repugnancy LE

Players

Piroxiljin - Winner!

  • Race: Terran Terran
  • Spawn Location: 7:00

VOD

Have the link to the VOD?

Description

Time

  • Played on: Jan. 24, 2019, 11:05 a.m.
  • Length: 48:53
Show
View Real Time Build Order
Export as new Build Order

Piroxiljin Terran - Winner!

Build Orders:  

Get SALT Encoding   

  12  0:05  SCV  
  13  0:27  SCV  
  14  1:00  Supply Depot  
  14  1:01  SCV  
  15  1:19  Refinery  
  15  1:30  SCV  
  15  1:38  Barracks  
  16  1:47  SCV  
  17  2:04  SCV  
  18  2:21  SCV  
  20  2:46  Orbital Command  
  19  2:57  Supply Depot  
  19  3:04  Marine  
  19  3:32  SCV  
  19  3:39  Barracks Tech Lab  
  20  3:49  Factory  
  20  4:05  SCV  
  21  4:14  Refinery  
  21  4:20  Concussive Shells  
  21  4:22  SCV  
  21  4:26  Marauder  
  24  4:50  Hellion  
  26  5:05  Barracks  
  26  5:46  Barracks Tech Lab  
  26  6:05  Cyclone  
  26  6:08  SCV  
  30  6:21  Command Center  
  30  6:25  SCV  
  31  6:35  Supply Depot  
  31  6:48  Marauder  
  33  6:52  Siege Tank  
  36  7:09  SCV, Supply Depot  
  37  7:11  Supply Depot  
  37  7:15  Supply Depot  
  37  7:17  Barracks Tech Lab  
  37  7:22  Marine  
  38  7:47  Marine  
  31  8:01  Unknown  
  31  8:16  Marauder  
  33  8:23  Siege Tank  
  36  8:47  Marauder  
  36  8:49  Factory, Marauder  
  40  9:24  Supply Depot  
  40  9:25  Supply Depot  
  40  9:26  Supply Depot  
  40  9:35  SCV  
  41  9:48  Marauder x2  
  45  9:52  SCV  
  46  10:08  SCV  
  47  10:23  Engineering Bay  
  47  10:25  SCV  
  48  10:41  Starport  
  48  10:44  SCV  
  48  10:48  SCV  
  48  10:49  Barracks Tech Lab  
  50  10:56  Refinery  
  50  10:58  Refinery  
  50  11:01  SCV  
  50  11:05  SCV  
  52  11:12  Terran Infantry Weapons Level 1  
  52  11:18  SCV  
  53  11:21  Missile Turret, Unknown  
  53  11:22  SCV  
  53  11:26  Missile Turret  
  54  11:56  SCV, Missile Turret  
  55  12:02  Marauder x2  
  55  12:04  Siege Tank  
  55  12:05  Siege Tank  
  65  12:22  Medivac  
  65  12:27  Missile Turret  
  67  12:49  Cyclone  
  61  13:05  Missile Turret  
  59  13:20  SCV  
  59  13:26  Marauder  
  59  13:29  Marine  
  63  13:32  Cyclone  
  63  13:36  Starport Tech Lab  
  63  13:37  SCV  
  67  13:42  Missile Turret  
  67  13:43  Armory  
  67  13:52  Terran Infantry Armor Level 1  
  67  13:56  Marauder  
  69  14:04  SCV  
  70  14:11  Cyclone  
  70  14:12  Missile Turret  
  70  14:15  SCV  
  70  14:17  Cyclone  
  77  14:28  Medivac  
  79  14:32  SCV  
  80  14:45  Starport  
  80  14:51  Armory  
  80  14:55  Terran Vehicle Weapons Level 1  
  80  15:41  Siege Tank x2  
  86  15:50  Starport Tech Lab  
  86  15:52  SCV  
  87  16:01  Factory  
  87  16:02  Drilling Claws  
  87  16:04  Siege Tank x3  
  87  16:09  Marauder  
  89  16:11  Marine  
  89  16:35  Marine  
  89  16:38  Marauder  
  92  16:46  Command Center  
  92  17:25  Orbital Command  
  92  17:40  Widow Mine  
  92  17:46  Siege Tank  
  92  17:47  Missile Turret, Siege Tank x4  
  94  18:00  Siege Tank  
  94  18:06  Unknown  
  97  18:21  Raven x2  
  94  18:40  Widow Mine  
  94  18:42  Siege Tank x5  
  94  18:45  Siege Tank  
  94  18:46  Unknown  
  94  18:49  Unknown  
  85  18:57  Marauder  
  72  19:05  Factory Tech Lab  
  72  19:19  SCV  
  73  19:20  Thor  
  73  19:21  Viking x2  
  73  19:27  Marauder  
  85  19:36  SCV  
  86  19:53  SCV, Widow Mine  
  87  20:05  Siege Tank  
  92  20:20  Siege Tank  
  95  20:33  Thor  
  101  20:50  Siege Tank  
  104  21:05  SCV, Siege Tank  
  108  21:18  Refinery  
  108  21:22  SCV  
  108  21:26  Refinery  
  109  22:09  Terran Infantry Weapons Level 2  
  109  22:24  Siege Tank  
  112  22:36  Siege Tank x2  
  112  22:39  Siege Tank x6  
  118  22:45  Banshee  
  118  22:46  Banshee  
  123  23:14  Siege Tank  
  124  23:32  Siege Tank  
  124  23:35  Hellion x2  
  103  23:45  Banshee x2  
  80  24:26  Siege Tank  
  80  24:27  Siege Tank  
  80  24:29  Thor  
  92  24:37  SCV  
  93  24:54  SCV  
  94  25:11  SCV, Thor  
  101  25:28  SCV  
  101  25:29  Cyclone  
  105  25:30  Cyclone  
  105  25:34  Banshee x2  
  105  25:39  Terran Vehicle And Ship Armor Level 1  
  114  25:45  SCV  
  115  26:02  SCV  
  116  26:11  Siege Tank  
  119  26:20  Siege Tank x2  
  125  27:06  Siege Tank, Hellion x2, Marine  
  133  27:12  Supply Depot  
  133  27:13  Supply Depot  
  133  27:14  Supply Depot  
  133  27:16  Supply Depot  
  133  27:30  Marine  
  133  27:35  Infernal Pre-Igniter, Hellion  
  136  27:46  Siege Tank x6, Command Center  
  127  27:55  Marine  
  112  28:15  Command Center  
  112  28:17  Medivac  
  114  28:58  Cloaking Field  
  114  28:59  Medivac  
  116  29:33  Refinery x2  
  116  29:41  Medivac  
  116  29:42  Siege Tank x7  
  116  30:12  Unknown  
  95  31:18  Siege Tank  
  95  31:19  Siege Tank x2  
  104  31:22  Raven x2  
  104  31:24  Marauder x2  
  111  32:03  Cyclone x2  
  111  32:04  Siege Tank  
  117  32:38  Siege Tank  
  117  32:48  Siege Tank  
  118  34:09  SCV  
  118  34:25  SCV  
  118  34:26  Missile Turret  
  118  34:29  Cyclone  
  122  34:30  Cyclone, Siege Tank  
  122  34:42  SCV  
  123  34:54  Missile Turret  
  123  35:01  Missile Turret  
  123  35:04  Widow Mine  
  123  35:06  Siege Tank x5  
  123  35:15  Siege Tank x2  
  131  35:23  Siege Tank  
  131  35:44  Siege Tank  
  133  36:17  Siege Tank x2  
  133  36:42  Siege Tank  
  133  36:43  Siege Tank  
  133  36:44  Thor  
  145  37:25  Siege Tank x3  
  145  37:27  Thor  
  145  37:28  Thor  
  154  38:01  Siege Tank  
  154  38:07  Viking  
  159  38:13  Siege Tank x6  
  159  38:27  Siege Tank  
  159  38:28  Cyclone  
  165  38:46  Cyclone  
  168  39:00  Siege Tank  
  168  39:59  Terran Vehicle Weapons Level 2  
  168  40:01  Terran Vehicle And Ship Armor Level 2  
  168  40:14  SCV  
  168  40:18  SCV  
  167  40:31  SCV  
  167  40:35  SCV  
  167  40:37  Command Center  
  169  40:48  SCV  
  170  40:52  SCV  
  171  41:05  SCV  
  158  41:38  Siege Tank x3  
  158  41:39  Siege Tank x2  
  158  41:50  Siege Tank x2, Thor  
  161  42:13  Missile Turret  
  144  42:52  Siege Tank x5  
  144  43:09  Terran Ship Weapons Level 1  
  144  44:25  Siege Tank x3  
  144  44:26  Siege Tank x2  
  144  45:14  Siege Tank x4  
  138  46:16  Siege Tank x2  
  138  46:17  Siege Tank x3  
  138  46:54  Siege Tank  
  130  47:49  Siege Tank x5  
  130  47:53  SCV  
  131  48:10  SCV  
  132  48:27  SCV  
Tags
 
Add a new tag
Caveats
  • Supply blocks, unpowered buildings, or Contaminate may cause inaccurate times.
  • Supply counts are checked every 10 seconds.